 Dungeon Crawl Stone Soup version 0.28.0-45-g0d030f2227 (webtiles) character file.

Game seed: 11221915388147740486

4449 Revguard the Covered (level 10, -14/77 HPs)
             Began as a Demonspawn Brigand on Apr 11, 2022.
             Was a Follower of Yredelemnul.
             Killed by an exploding kobold zombie (34 damage)
             ... ignited by their inner flame
             ... on level 9 of the Dungeon.
             The game lasted 00:27:13 (8594 turns).

Revguard the Covered (Demonspawn Brigand)           Turns: 8594, Time: 00:27:13

Health: -14/77     AC: 20    Str: 14    XL:     10   Next: 15%
Magic:  17/17      EV: 15    Int: 14    God:    Yredelemnul [*.....]
Gold:   1034       SH:  0    Dex: 15    Spells: 12/19 levels left

rFire   . . .      SeeInvis .   r - +3 great sword (freeze)
rCold   + + .      Faith    .   (shield currently unavailable)
rNeg    . . .      Spirit   .   s - +7 Kryia's mail coat {PotionHeal*2 rC+}
rPois   .          Reflect  .   (helmet restricted)
rElec   .          Harm     .   c - +0 cloak
rCorr   .          Rampage  .   (no gloves)
Will    .....                   a - +1 pair of boots
Stlth   +.........              x - amulet of regeneration
HPRegen 1.02/turn               n - ring of protection from cold
MPRegen 0.15/turn               p - +4 ring of evasion

@: no status effects
A: rugged brown scales 2, foul stench 1, spiny 2, demonic touch 1, horns 1
a: Renounce Religion, Recall Undead Harvest


You were on level 9 of the Dungeon.
You worshipped Yredelemnul.
Yredelemnul was noncommittal.
You visited 2 branches of the dungeon, and saw 10 of its levels.

You collected 1214 gold pieces.
You spent 180 gold pieces at shops.

Inventory:

Hand Weapons
 r - a +3 great sword of freezing (weapon)
Missiles
 d - 19 poisoned darts
 e - 3 curare-tipped darts (quivered)
Armour
 a - a +1 pair of boots (worn)
 c - a +0 cloak (worn)
 s - the +7 Kryia's mail coat (worn) {PotionHeal*2 rC+}
   (You found it on level 2 of the Dungeon)

   Potions are twice as effective at healing its wearer.
   rC:        It protects you from cold.
Jewellery
 f - a ring of flight
 j - a ring of wizardry
 n - a ring of protection from cold (left hand)
 p - a +4 ring of evasion (right hand)
 v - an amulet of reflection
 x - an amulet of regeneration (around neck)
 y - a +4 ring of evasion
 D - an amulet of magic regeneration
Wands
 m - a wand of polymorph (9)
 A - a wand of flame (23)
Scrolls
 h - 4 scrolls of fog
 l - 4 scrolls of teleportation
 o - a scroll of torment
 q - a scroll of fear
 u - a scroll of immolation
Potions
 b - a potion of haste
 g - a potion of invisibility
 i - 6 potions of curing
 k - 2 potions of brilliance
 w - a potion of lignification


   Skills:
 + Level 5.3 Fighting
 - Level 2.1(3.4) Short Blades
 + Level 4.1(4.3) Long Blades
 - Level 1.7 Throwing
 * Level 6.2 Armour
 + Level 4.6 Dodging
 - Level 3.8 Stealth
 + Level 5.3 Spellcasting
 + Level 4.5 Hexes
 + Level 5.0 Necromancy
 + Level 4.2 Invocations


You had 12 spell levels left.
You knew the following spells:

 Your Spells              Type           Power      Damage    Failure   Level
a - Slow                  Hex            64%        N/A       10%         1
b - Vampiric Draining     Necr           17%        2d7       24%         3
c - Confusing Touch       Hex            16%        N/A       28%         3

Your spell library contained the following spells:

 Spells                   Type           Power      Damage    Failure   Level


Dungeon Overview and Level Annotations

Branches:
Dungeon (9/15)             Temple (1/1) D:6
   Lair: D:8-11         Orc: D:9-12

Altars:
Ashenzari
Cheibriados
Dithmenos
Elyvilon
Fedhas
Gozag
Hepliaklqana
Kikubaaqudgha
Makhleb
Nemelex Xobeh
Okawaru
Qazlal
Ru
Sif Muna
Trog
Uskayaw
Vehumet
Wu Jian
Xom
Yredelemnul
Zin
The Shining One

Shops:
D:3 (


Innate Abilities, Weirdness & Mutations

You are mostly covered in rugged brown scales. (AC +2, +5% HP)
You may rarely emit foul miasma when damaged in melee.
You are mostly covered in sharp spines.
Your touch may inflict minor irresistible damage on your foes.
You have a pair of small horns on your head.


Message History

Your killer bee zombie hits the orc wizard.
The orc wizard gestures at you while chanting.
Your killer bee zombie resists with significant effort.
The howler monkey closely misses your kobold zombie.
Your kobold zombie closely misses the howler monkey.
Your killer bee zombie barely misses the orc wizard.
The orc wizard is struck by your spines.
The orc wizard hits you but does no damage.
Your kobold zombie hits the orc wizard.
Really read the scroll of immolation?
As you read the scroll of immolation, it crumbles to dust.
The creatures around you are filled with an inner flame!
Your killer bee zombie hits the orc wizard.
Flame seeps out of the orc wizard.
The orc wizard is engulfed in blazing flames.
The orc wizard explodes!
The fiery explosion engulfs your killer bee zombie!!
Your killer bee zombie explodes!
The fiery explosion engulfs your kobold zombie!!
The fiery explosion engulfs your orc zombie!!
Your orc zombie explodes!
The fiery explosion engulfs the howler monkey!!!
A black mist starts to gather...
The howler monkey explodes!
The fiery explosion engulfs your spectral howler monkey!!
You destroy your spectral howler monkey!
The fiery explosion engulfs the orc wizard!!!
The orc wizard explodes!
The fiery explosion engulfs your kobold zombie!!
The fiery explosion engulfs you!!
Your kobold zombie explodes!
The fiery explosion engulfs your kobold brigand zombie!!
Flame seeps out of your kobold brigand zombie.
Your kobold brigand zombie is almost destroyed.
The fiery explosion engulfs you!!
* * * LOW HITPOINT WARNING * * *
Your kobold zombie explodes!
The fiery explosion engulfs you!!
You die...
Your body rises from the dead as a mindless zombie.

..##.#####.....# ####.#
#Z###### ..## #.####Z#
.... #......# #...#
###...## ##....# #
####.#Z## #..#..#
###....#.Z# #.##..#
.##.#####.#####.##§.#
....#####Z##...Z@§§§###...
..#.......#....§§§§§§.....
.#######......####§§§...#.
.# ##...#.# #§○§...# .#
#......# #.§.o..# .#####
#.#..#...<#........
.........#................
...<....................##
....#.#######.......K...#


You could see an orc priest (inner flame) and a kobold brigand zombie (inner
flame).

Vanquished Creatures
  A cyclops (D:8)
  A jumping spider (shapeshifter) (D:8)
  A wraith (D:8)
  A wyvern (D:8)
  3 steam dragons
  Edmund (D:6)
  3 ice beasts
  A black bear (D:5)
  A sky beast (D:7)
  2 ogres
  2 centaurs
  2 kobold brigands (D:9)
  A phantom (D:7)
  2 bullfrogs
  A gnoll sergeant (D:8)
  A wyvern skeleton (D:7)
  2 scorpions (D:4)
  7 wights
  8 killer bees
  A howler monkey (D:9)
  2 centaur zombies
  2 hounds (D:5)
  A gnoll shaman (D:8)
  A centaur skeleton (D:4)
  2 iguanas (D:4)
  6 orc wizards
  2 killer bee zombies
  A hound skeleton (D:5)
  A spectral howler monkey (D:9)
  A howler monkey zombie (D:9)
  9 adders
  13 gnolls (D:8)
  A shadow imp (D:7)
  A white imp (D:6)
  An ufetubus (D:5)
  A worm (D:2)
  A dart slug (D:3)
  15 orcs
  8 ball pythons
  7 endoplasms
  2 giant cockroaches
  6 goblins
  7 hobgoblins
  5 jackals (D:4)
  2 bats
  5 frilled lizards
  18 kobolds
  2 kobold zombies (D:9)
  An orc zombie (D:9)
  10 rats
176 creatures vanquished.

Vanquished Creatures (collateral kills)
  A centaur (D:7)
  3 killer bees
  A hound (D:7)
  An orc priest (D:7)
  An orc (D:9)
  A kobold (D:9)
8 creatures vanquished.

Vanquished Creatures (others)
  A vampire (D:6)
  A spectral shadow imp (D:7)
  4 gnoll zombies (D:8)
  6 kobold zombies (D:9)
12 creatures vanquished.

Grand Total: 196 creatures vanquished

Notes
Turn   | Place    | Note
-------+----------+-------------------------------------------
     0 | D:1      | Revguard the Demonspawn Brigand began the quest for the
                  | Orb.
     0 | D:1      | Reached XP level 1. HP: 16/16 MP: 1/1
    59 | D:1      | Reached skill level 1 in Dodging
   639 | D:1      | Found a faded altar of an unknown god.
   648 | D:1      | Gained mutation: You are partially covered in sharp spines.
                  | [demonic ancestry]
   648 | D:1      | Reached XP level 2. HP: 21/22 MP: 2/2
   760 | D:1      | Learned a level 1 spell: Slow
  1452 | D:2      | Gained mutation: You may rarely emit foul miasma when
                  | damaged in melee. [demonic ancestry]
  1452 | D:2      | Reached XP level 3. HP: 27/27 MP: 3/3
  1556 | D:2      | Found the +7 Kryia's mail coat {PotionHeal*2 rC+}
  1803 | D:2      | Identified the +11 mace of Nahouthri {pain, Will+ Str+3
                  | Int+2 Dex-3}
  1945 | D:3      | Reached skill level 1 in Armour
  1958 | D:3      | Reached skill level 1 in Spellcasting
  1972 | D:3      | Learned a level 3 spell: Vampiric Draining
  2127 | D:3      | Gained mutation: You are mostly covered in sharp spines.
                  | [demonic ancestry]
  2127 | D:3      | Reached XP level 4. HP: 25/34 MP: 5/5
  2435 | D:3      | Found Qymmau's Antique Weapon Emporium.
  2647 | D:3      | Found an iron altar of Okawaru.
  3083 | D:3      | Gained mutation: You possess an exceptional clarity of
                  | mind. [potion of mutation]
  3083 | D:3      | Gained mutation: You have a pair of small horns on your
                  | head. [potion of mutation]
  3083 | D:3      | Lost mutation: You possess an exceptional clarity of mind.
                  | [potion of mutation]
  3181 | D:4      | Noticed a scorpion
  3192 | D:4      | Killed a scorpion
  3193 | D:4      | Reached skill level 1 in Hexes
  3193 | D:4      | Gained mutation: You are partially covered in rugged brown
                  | scales. (AC +1, +3% HP) [demonic ancestry]
  3193 | D:4      | Reached XP level 5. HP: 33/40 MP: 5/7
  3302 | D:4      | Noticed an ogre
  3309 | D:4      | Killed an ogre
  3310 | D:4      | Reached skill level 1 in Long Blades
  3310 | D:4      | Reached skill level 2 in Armour
  3310 | D:4      | Reached skill level 1 in Necromancy
  3317 | D:4      | Learned a level 3 spell: Confusing Touch
  3346 | D:4      | Gained mutation: Your touch may inflict minor irresistible
                  | damage on your foes. [demonic ancestry]
  3346 | D:4      | Reached XP level 6. HP: 26/47 MP: 9/9
  3703 | D:3      | Bought a dazzling scimitar for 180 gold pieces
  3703 | D:3      | Identified the +4 scimitar of Fedhas's Hatred {drain, rElec
                  | rN++ Int-3 Stlth+} (You bought it in a shop on level 3 of
                  | the Dungeon)
  4215 | D:4      | Identified a scroll of acquirement
  4215 | D:4      | Acquired 773 gold pieces
  4255 | D:5      | Entered Level 5 of the Dungeon
  4397 | D:5      | Reached skill level 3 in Armour
  4397 | D:5      | Reached XP level 7. HP: 30/53 MP: 9/11
  5324 | D:6      | Noticed a steam dragon
  5326 | D:6      | Noticed a vampire
  5340 | D:6      | Killed a vampire
  5343 | D:6      | Killed a steam dragon
  5344 | D:6      | Gained mutation: You are mostly covered in rugged brown
                  | scales. (AC +2, +5% HP) [demonic ancestry]
  5344 | D:6      | Reached XP level 8. HP: 41/63 MP: 11/13
  5503 | D:6      | Noticed Edmund
  5516 | D:6      | Killed Edmund
  5517 | D:6      | Reached skill level 4 in Armour
  5874 | D:6      | Found a staircase to the Ecumenical Temple.
  5879 | Temple   | Entered the Ecumenical Temple
  6038 | Temple   | Became a worshipper of Yredelemnul the Dark
  6250 | D:6      | Identified the +10 dagger "Uritay" {venom, SInv}
  6402 | D:7      | Reached * piety under Yredelemnul
  6402 | D:7      | Reached skill level 1 in Invocations
  6419 | D:7      | Reached ** piety under Yredelemnul
  6424 | D:7      | Reached XP level 9. HP: 59/69 MP: 15/15
  6516 | D:7      | Reached *** piety under Yredelemnul
  6713 | D:7      | Reached skill level 5 in Armour
  6888 | D:7      | Reached **** piety under Yredelemnul
  7435 | D:8      | Reached skill level 5 in Spellcasting
  7437 | D:8      | Reached skill level 5 in Fighting
  7605 | D:8      | Noticed a cyclops
  7615 | D:8      | Killed a cyclops
  7616 | D:8      | Reached skill level 6 in Armour
  7624 | D:8      | Reached XP level 10. HP: 28/77 MP: 17/17
  8450 | D:9      | Reached skill level 5 in Necromancy
  8594 | D:9      | Killed by an exploding kobold zombie... ignited by their
                  | inner flame

Illustrated notes

Levels and vault maps discovered:
D:1:      giann_wishing_wells, layout_loops_ring,
          hellmonk_ecumenical_altar_lost_god, minmay_misc_feat_rows
D:2:      layout_rooms
D:3:      minmay_diamond_boxcup, layout_basic, lemuel_crystal_altar,
          serial_shops, shop, minmay_pentomino_pile
D:4:      layout_loops_ring
D:5:      layout_loops_cross, kennysheep_generic_room_15
D:6:      layout_basic, minmay_temple_entry_statues_pillars, uniq_edmund
D:7:      layout_basic
D:8:      layout_basic, minmay_small_thing
D:9:      layout_rooms, minmay_misc_feat_plants, minmay_misc_feat_four_crosses,
          minmay_misc_feat_nine_boxes, minmay_unpleasant_kobolds
Temple:   compressed_dpeg_circular_temple

Skill      XL: |  1  2  3  4  5  6  7  8  9 10 |
---------------+-------------------------------+-----
Dodging        | 1 2 3 4 |  4.6
Short Blades   | 2 |  2.1
Armour         | 1 2 3 4 6 |  6.2
Spellcasting   | 1 2 3 4 5 |  5.3
Hexes          | 1 2 3 4 |  4.5
Long Blades    | 1 2 3 4 |  4.1
Necromancy     | 1 2 3 4 5 |  5.0
Fighting       | 3 4 5 |  5.3
Invocations    | 1 3 4 |  4.2
Throwing       | |  1.7
Stealth        | |  3.8

Action                   |  1- 3 |  4- 6 |  7- 9 | 10-12 || total
-------------------------+-------+-------+-------+-------++-------
Melee: Dagger            |    71 |       |       |       ||    71
       Punch             |     2 |     1 |     2 |       ||     5
       Falchion          |    27 |    11 |       |       ||    38
       Long sword        |       |    67 |   156 |     2 ||   225
       Headbutt          |       |    12 |    31 |    10 ||    53
       Touch             |       |     8 |    25 |       ||    33
       Great sword       |       |       |       |    26 ||    26
Throw: Dart              |       |       |     4 |       ||     4
Invok: Recall Undead Har |       |       |     3 |       ||     3
  Use: Scroll            |       |    10 |     2 |     4 ||    16
       Potion            |       |     4 |     4 |       ||     8
 Stab: Sleeping          |     5 |     1 |     1 |     1 ||     8
       Distracted        |       |       |     1 |       ||     1
Armor: Robe              |    10 |       |       |       ||    10
       Scale mail        |     9 |    25 |    82 |    26 ||   142
Dodge: Dodged            |    52 |    31 |   134 |    27 ||   244
Block: Other             |     8 |    19 |    43 |       ||    70
       Reflection        |       |     1 |     3 |       ||     4
